 Dungeon Crawl Stone Soup version 0.20-a0-909-g1a4ba80 (webtiles) character file.

8242 FrozenPanda the Basher (level 11, -2/109 HPs)
             Began as a Troll Fighter on Mar 22, 2017.
             Was a High Priest of Okawaru.
             Slain by a redback (12 damage)
             ... on level 2 of the Lair of Beasts.
             The game lasted 00:18:53 (9254 turns).

FrozenPanda the Basher (Troll Fighter)              Turns: 9254, Time: 00:18:54

Health: -2/109     AC:  5    Str: 26    XL:     11   Next: 7%
Magic:  14/14      EV: 10    Int:  5    God:    Okawaru [*****.]
Gold:   572        SH: 16    Dex: 11    Spells: 8/10 levels left

rFire    . . .     SeeInvis .   q - +3 flail (crush)
rCold    . . .     Gourm    +   b - +0 robe
rNeg     . . .     Faith    .   D - +0 large shield
rPois    +         Spirit   .   (helmet restricted)
rElec    .         Reflect  .   (no cloak)
rCorr    .         Harm     .   (gloves unavailable)
MR       +....                  (boots unavailable)
Stlth    +.........             l - amulet of magic regeneration
Regen    0.7/turn               (no ring)
MPRegen  0.3/turn               y - ring of poison resistance

@: invisible
A: unfitting armour, claws 3, fast metabolism 3, gourmand, magic resistance 1,
regeneration 1, shaggy fur 1, tough skin 2, no potion heal 1
a: Heroism, Finesse, Renounce Religion


You were on level 2 of the Lair of Beasts.
You worshipped Okawaru.
Okawaru was extremely pleased with you.
You were very full.

You visited 3 branches of the dungeon, and saw 13 of its levels.

You collected 572 gold pieces.

Inventory:

Hand Weapons
 q - a +3 flail of crushing (weapon)
 x - a +0 giant spiked club
Missiles
 O - 2 tomahawks of returning (quivered)
Armour
 b - a +0 robe (worn)
 D - a +0 large shield (worn)
Jewellery
 l - an amulet of magic regeneration (around neck)
 y - a ring of poison resistance (left claw)
 H - an uncursed ring of magical power
 M - a +3 ring of intelligence {unknown}
Wands
 h - a wand of acid (7/15)
 s - a wand of confusion (24/48)
 F - a wand of clouds (4/9)
 G - a wand of flame (36/48)
 I - a wand of random effects (31/48)
 K - a wand of acid (7/15)
Scrolls
 c - 4 scrolls of remove curse
 j - 3 scrolls of enchant armour
 o - 4 scrolls of magic mapping
 p - a scroll of teleportation
 u - 3 scrolls of amnesia
 v - 3 scrolls of fog
Potions
 a - a potion of agility {unknown}
 d - 2 potions of might
 e - 4 potions of haste
 i - a potion of resistance {unknown}
 k - a potion of invisibility
 m - 3 potions of lignification
 n - a potion of brilliance {unknown}
 t - 3 potions of curing
 w - 3 potions of flight {unknown}
 z - 4 potions of heal wounds {unknown}
 A - 2 potions of ambrosia {unknown}
 J - a potion of berserk rage
Comestibles
 f - 5 bread rations
 g - 5 meat rations
 r - 3 royal jellies
 E - 4 fruits


   Skills:
 + Level 7.0 Fighting
 + Level 8.6 Maces & Flails
 + Level 6.8 Dodging
 + Level 6.9 Shields
 + Level 5.4 Invocations


You had 8 spell levels left.
You knew the following spells:

 Your Spells              Type           Power        Failure   Level  Hunger
b - Blink                 Tloc           N/A          100%        2    ###....


Dungeon Overview and Level Annotations

Branches:
Dungeon (10/15)            Temple (1/1) D:6            Lair (2/6) D:9
 Spider (0/4) Lair:2
  Swamp: Lair:2-4    Shoals: Lair:2-4       Orc: D:9-12

Altars:
Ashenzari
Cheibriados
Dithmenos
Elyvilon
Fedhas
Gozag
Hepliaklqana
Kikubaaqudgha
Makhleb
Nemelex Xobeh
Okawaru
Qazlal
Ru
Sif Muna
Trog
Uskayaw
Vehumet
Wu Jian
Xom
Yredelemnul
Zin
The Shining One


Innate Abilities, Weirdness & Mutations

You are too large for most types of armour.
You have claws for hands.
Your metabolism is lightning-fast.
You like to eat raw meat.
Your natural rate of healing is unusually fast.
You are covered in fur. (AC +1)
You have very tough skin. (AC +2)
You are resistant to hostile enchantments. (MR+)
Potions are less effective at restoring your health.


Message History

* * * LOW HITPOINT WARNING * * *
You are lethally poisoned!
The redback poisons you!
The web tears apart.
* * * LOW HITPOINT WARNING * * *
You feel extremely sick. The jumping spider pounces on you!
* * * LOW HITPOINT WARNING * * *
You block the jumping spider's attack. The redback closely misses you.
It was a potion of curing.
Your system partially rejects the healing.
You feel better. You block the jumping spider's attack.
The jumping spider bites you but does no damage.
You block the redback's attack. The jumping spider pounces on you.
* * * LOW HITPOINT WARNING * * *
The jumping spider closely misses you. The redback completely misses you.
Okay, then.
You fade into invisibility!
The redback bites you!
You die...

##....#.♣
.......<♣
........♣
.#...#..♣
...!..#.♣ #
........♣ .#
.!
...#.♣♣♣♣♣♣..#
#
...#.........#
#...#....<@#
#....s.sP.≈≈≈.
#......P.≈.≈≈.
#......##≈≈.≈.
#....... ≈≈≈..
........P.
...>
..#...>..P.
≈..
...........≈
.≈.


You could see a jumping spider and a redback.

Vanquished Creatures
  2 black mambas (Lair:1)
  2 spiny frogs (Lair:1)
  A hippogriff (Lair:1)
  8 yaks
  Edmund (D:5)
  3 wargs
  A porcupine (Lair:1)
  3 orc warriors
  A black bear (D:6)
  5 ogres
  3 phantoms
  7 centaurs
  11 wolves (Lair:1)
  3 crocodiles (Lair:1)
  5 bullfrogs
  3 killer bees (D:9)
  11 wights
  6 howler monkeys
  5 crimson imps
  2 quasits
  A centaur zombie (D:7)
  4 hounds
  A jelly (D:6)
  2 orc priests
  2 orc wizards
  A centaur skeleton (D:4)
  5 iguanas
  Ijyb (D:3)
  8 worker ants
  A hound zombie (D:5)
  2 hound skeletons
  A worker ant zombie (D:6)
  7 gnolls
  14 adders
  2 shadow imps
  A white imp (D:4)
  An adder skeleton (D:5)
  2 worms
  3 dart slugs
  6 leopard geckos
  18 orcs
  A ball python (D:1)
  5 bat zombies (D:2)
  2 giant cockroaches
  4 goblins
  10 hobgoblins
  12 jackals
  6 kobolds
  6 quokkas
  3 bats
  7 frilled lizards
  A jackal skeleton (D:7)
  2 leopard gecko skeletons (D:5)
  A leopard gecko zombie (D:6)
  8 rats
  2 rat zombies (D:2)
236 creatures vanquished.

Vanquished Creatures (others)
  An orc priest (D:9)
  An orc (D:9)
2 creatures vanquished.

Grand Total: 238 creatures vanquished

Notes
Turn   | Place    | Note
-------+----------+-------------------------------------------
     0 | D:1      | FrozenPanda the Troll Fighter began the quest for the Orb.
     0 | D:1      | Reached XP level 1. HP: 22/22 MP: 0/0
   113 | D:1      | Reached skill level 2 in Maces & Flails
   246 | D:1      | Reached XP level 2. HP: 26/29 MP: 1/1
   558 | D:1      | Reached XP level 3. HP: 36/36 MP: 2/2
   841 | D:2      | Reached XP level 4. HP: 37/44 MP: 3/3
  1225 | D:2      | Reached skill level 3 in Maces & Flails
  1470 | D:2      | Found an ancient bone altar of Kikubaaqudgha.
  1745 | D:3      | Noticed a centaur
  1761 | D:3      | Gained mutation: You are clumsy. (Dex -2) [potion of mutation]
  1761 | D:3      | Gained mutation: You are resistant to electric shocks. (rElec) [potion of mutation]
  1761 | D:3      | Gained mutation: Armour fits poorly on your strangely shaped body. [potion of mutation]
  1761 | D:3      | Gained mutation: You are robust. (+10% HP) [potion of mutation]
  1763 | D:3      | Killed a centaur
  1763 | D:3      | Reached XP level 5. HP: 25/58 MP: 4/4
  1819 | D:3      | Lost mutation: You are robust. (+10% HP) [potion of mutation]
  1819 | D:3      | Lost mutation: You are resistant to electric shocks. (rElec) [potion of mutation]
  1819 | D:3      | Lost mutation: Armour fits poorly on your strangely shaped body. [potion of mutation]
  1819 | D:3      | Lost mutation: You are clumsy. (Dex -2) [potion of mutation]
  1819 | D:3      | Gained mutation: You are dopey. (Int -2) [potion of mutation]
  1819 | D:3      | Gained mutation: You tend to lose your temper in combat. [potion of mutation]
  1819 | D:3      | Lost mutation: You are dopey. (Int -2) [potion of mutation]
  1819 | D:3      | Gained mutation: You have sharp toenails. [potion of mutation]
  1820 | D:3      | Lost mutation: You have sharp toenails. [potion of mutation]
  1820 | D:3      | Lost mutation: You tend to lose your temper in combat. [potion of mutation]
  1820 | D:3      | Gained mutation: Potions are less effective at restoring your health. [potion of mutation]
  1820 | D:3      | Gained mutation: You are resistant to hostile enchantments. (MR+) [potion of mutation]
  1889 | D:3      | Found a faded altar of an unknown god.
  2035 | D:3      | Found a basalt altar of Yredelemnul.
  2040 | D:3      | Noticed Ijyb
  2125 | D:3      | Killed Ijyb
  2310 | D:4      | Reached XP level 6. HP: 50/61 MP: 5/5
  2314 | D:4      | Got an ancient dagger
  2316 | D:4      | Identified the cursed +1 dagger "Coc Zec" {vamp, +Fly Str+2} (You found it on level 4 of the Dungeon)
  2353 | D:4      | Reached skill level 4 in Maces & Flails
  3020 | D:4      | Reached XP level 7. HP: 40/68 MP: 6/6
  3196 | D:5      | Entered Level 5 of the Dungeon
  3409 | D:5      | Reached skill level 5 in Maces & Flails
  3454 | D:5      | Noticed Edmund
  3477 | D:5      | Killed Edmund
  3653 | D:5      | Reached XP level 8. HP: 78/78 MP: 7/7
  3684 | D:5      | Learned a level 2 spell: Blink
  3798 | D:5      | Found a deep blue altar of Sif Muna.
  4088 | D:6      | Reached skill level 6 in Maces & Flails
  4203 | D:6      | Found a staircase to the Ecumenical Temple.
  4339 | Temple   | Entered the Ecumenical Temple
  4403 | Temple   | Became a worshipper of Warmaster Okawaru
  4485 | D:6      | Found a glowing golden altar of the Shining One.
  4511 | D:6      | Found a glowing silver altar of Zin.
  4588 | D:6      | Reached skill level 1 in Invocations
  5047 | D:6      | Reached skill level 5 in Shields
  5098 | D:6      | Reached * piety under Okawaru
  5107 | D:7      | Reached XP level 9. HP: 49/87 MP: 9/9
  5193 | D:7      | Reached skill level 5 in Fighting
  5198 | D:7      | Reached skill level 5 in Dodging
  5301 | D:7      | Reached skill level 7 in Maces & Flails
  5539 | D:7      | Reached ** piety under Okawaru
  6324 | D:8      | Found a shattered altar of Ashenzari.
  6914 | D:9      | Found a staircase to the Lair.
  7093 | D:9      | Reached *** piety under Okawaru
  7093 | D:9      | Reached XP level 10. HP: 65/98 MP: 11/11
  7383 | D:9      | Found a snail-covered altar of Cheibriados.
  7665 | D:9      | Found a white marble altar of Elyvilon.
  7709 | D:10     | Entered Level 10 of the Dungeon
  7734 | Lair:1   | Entered Level 1 of the Lair of Beasts
  7960 | Lair:1   | Noticed a spiny frog
  8059 | Lair:1   | Killed a spiny frog
  8063 | Lair:1   | Reached skill level 8 in Maces & Flails
  8264 | Lair:1   | Noticed a black mamba
  8268 | Lair:1   | Killed a black mamba
  8268 | Lair:1   | Reached **** piety under Okawaru
  8338 | Lair:1   | Noticed a black mamba
  8353 | Lair:1   | Killed a black mamba
  8530 | Lair:1   | Reached skill level 5 in Invocations
  8636 | Lair:1   | Reached ***** piety under Okawaru
  8778 | Lair:1   | Found a snail-covered altar of Cheibriados.
  8814 | Lair:1   | Received a gift from Okawaru
  8916 | Lair:1   | Reached XP level 11. HP: 92/109 MP: 13/13
  9248 | Lair:2   | Found a hole to the Spider Nest.
  9252 | Lair:2   | HP: 5/109 [jumping spider (17)]
  9254 | Lair:2   | Slain by a redback

Vault maps used:
D:1:      evilmike_arrival_rings
D:2:      lemuel_zombie_altar_kikubaaqudgha
D:3:      yredelemnul_altar_generic, chequers_ecumenical_altar_simple, uniq_iyjb
D:4:      first_bread, minmay_fire_ice_demons
D:5:      lemuel_blue_sif_altar, uniq_edmund
D:6:      kennysheep_mini_moat, lemuel_doored_altar, minmay_temple_entry_glass
D:8:      ashenzari_conservatory_becter
D:9:      nicolae_overflow_crystal_walls, lemuel_coloured_pillars_altar,
          erik_lair_orcish_takeover
D:10:     hangedman_ranch
Temple:   eino_temple_lava
Lair:1:   beast_lair_carwin_large_2, lemuel_centaur_altar, grunt_megastairs_2
Lair:2:   spider_nest_entry_a

Skill      XL: |  1  2  3  4  5  6  7  8  9 10 |
---------------+-------------------------------+-----
Maces & Flails | 2 3 4 5 6 7 8 |  8.6
Shields        | 3 4 5 6 |  6.9
Fighting       | 3 4 6 7 |  7.0
Dodging        | 3 4 5 6 |  6.8
Invocations    | 1 3 5 |  5.4

Action                   |  1- 3 |  4- 6 |  7- 9 | 10-12 || total
-------------------------+-------+-------+-------+-------++-------
Melee: Flail             |   121 |   210 |   500 |   237 ||  1068
Invok: Heroism           |       |       |       |     3 ||     3
Evoke: Wand              |       |     4 |       |       ||     4
  Use: Potion            |       |     5 |     1 |     2 ||     8
       Scroll            |       |    11 |    11 |     1 ||    23
 Stab: Distracted        |       |       |     1 |       ||     1
  Eat: Chunk             |    13 |    26 |    39 |    20 ||    98
Armor: Robe              |    37 |    92 |   100 |    16 ||   245
Dodge: Dodged            |    44 |    74 |   145 |    61 ||   324
Block: Shield            |    59 |   102 |    82 |       ||   243
       Large shield      |       |       |   327 |   224 ||   551
